 Dungeon Crawl Stone Soup version 0.20-a0-641-g673355a (webtiles) character file.

203 krabocopter the Slasher (level 5, -6/47 HPs)
             Began as a Minotaur Gladiator on Feb 13, 2017.
             Splashed by a jelly's acid (10 damage)
             ... on level 3 of the Dungeon.
             The game lasted 00:05:25 (2482 turns).

krabocopter the Slasher (Minotaur Gladiator)        Turns: 2482, Time: 00:05:26

Health: -6/47      AC:  0    Str: 18    XL:     5   Next: 51%
Magic:  4/4        EV: 13    Int:  5    God:
Gold:   148        SH:  0    Dex: 13    Spells: 4/4 levels left

rFire    . . .     SeeInvis .   a - +0 long sword
rCold    . . .     Gourm    .   b - +0 leather armour
rNeg     . . .     Faith    .   (no shield)
rPois    +         Spirit   .   c - +0 hat
rElec    .         Reflect  .   (no cloak)
rCorr    .         Harm     .   (no gloves)
MR       .....                  n - +0 pair of boots
Stlth    +.........             (no amulet)
Regen    0.2/turn               (no ring)
MPRegen  0.1/turn               A - ring of poison resistance

@: corroded
A: retaliatory headbutt, horns 2
a: no special abilities


You were on level 3 of the Dungeon.
You were not hungry.

You visited 1 branch of the dungeon, and saw 3 of its levels.

You collected 148 gold pieces.

Inventory:

Hand Weapons
 a - a +0 long sword (weapon)
Missiles
 d - 3 throwing nets (quivered)
Armour
 b - a +0 leather armour (worn)
 c - a +0 hat (worn)
 n - a +0 pair of boots (worn)
Jewellery
 A - a ring of poison resistance (left hand)
Wands
 s - a wand of random effects (29/48)
Scrolls
 e - a scroll of identify {unknown}
 j - a scroll of fog {unknown}
 k - a scroll of fear {unknown}
 o - a scroll of amnesia {unknown}
 p - 2 scrolls of recharging {unknown}
 r - 2 scrolls of magic mapping
 u - 3 scrolls of teleportation {unknown}
 y - 2 scrolls of remove curse {unknown}
Potions
 h - 2 potions of degeneration {unknown}
 l - a potion of curing {unknown}
 m - 2 potions of berserk rage
 t - a potion of brilliance {unknown}
 v - a potion of ambrosia {unknown}
 w - a potion of magic {unknown}
 x - a potion of resistance {unknown}
 z - a potion of flight {unknown}
Comestibles
 f - 2 bread rations
 i - 5 chunks of flesh


   Skills:
 + Level 4.6 Fighting
 * Level 6.4 Long Blades
 - Level 2.0 Throwing
 - Level 3.2 Dodging


You had 4 spell levels left.
You didn't know any spells.

Dungeon Overview and Level Annotations

Branches:
Dungeon (3/15)

Altars:


Innate Abilities, Weirdness & Mutations

You reflexively headbutt those who attack you in melee.
You have a pair of horns on your head.


Message History

Things that are here:
a dagger; a bat corpse You see here a ball python corpse.
Unknown command.
Found 17 sling bullets.
Found a chain mail.
A jelly comes into view.
You hit the jelly.
Your hands burn!
The jelly hits you but does no damage.
You take 5 damage, and have 28/47 hp.
You hit the jelly. The acid corrodes you!
Your hands burn!
The jelly hits you.
You are splashed with acid!
The acid burns!
The jelly hits you.
You are splashed with acid!
The acid burns!
* * * LOW HITPOINT WARNING * * *
You take 20 damage, and have 8/47 hp.
MASSIVE DAMAGE!!
You hit the jelly but do no damage.
Your hands burn!
* * * LOW HITPOINT WARNING * * *
The jelly hits you.
* * * LOW HITPOINT WARNING * * *
You are splashed with acid!
The acid burns!
You die...

######## ##......##
##........##
#..........#
#...$......#
#..J@......#
#..........#
#.[........#
##........##
#........####
#............######
#.................#
#............####.###
#...........††.......


You could see a jelly.

Vanquished Creatures
  The ghost of beholder the Covert, an amateur SpAs (D:3)
  5 adders
  2 oozes
  2 worms (D:3)
  2 dart slugs
  4 leopard geckos
  2 orcs (D:3)
  7 bats
  A giant cockroach (D:3)
  4 goblins
  6 hobgoblins
  6 jackals
  2 quokkas
  3 ball pythons
  2 frilled lizards
  14 kobolds
  8 rats
  A plant (D:1)
72 creatures vanquished.

Notes
Turn   | Place    | Note
-------+----------+-------------------------------------------
     0 | D:1      | krabocopter the Minotaur Gladiator began the quest for the Orb.
     0 | D:1      | Reached XP level 1. HP: 18/18 MP: 0/0
    96 | D:1      | Reached skill level 4 in Long Blades
    96 | D:1      | Reached XP level 2. HP: 11/25 MP: 1/1
   606 | D:1      | Reached XP level 3. HP: 31/31 MP: 2/2
  1199 | D:2      | Reached skill level 5 in Long Blades
  1462 | D:2      | Reached XP level 4. HP: 37/40 MP: 3/3
  1930 | D:3      | Noticed beholder's ghost (amateur SpAs)
  1945 | D:3      | Killed beholder's ghost
  1945 | D:3      | Reached skill level 6 in Long Blades
  1945 | D:3      | Reached XP level 5. HP: 32/46 MP: 4/4
  2482 | D:3      | Splashed by a jelly's acid

Vault maps used:
D:1:      lightli_arrival_lavapool, lexackson_kobold_supper
D:2:      minmay_hedge_maze
D:3:      uniq_crazy_yiuf_cottage

Skill      XL: |  1  2  3  4 |
---------------+-------------+-----
Long Blades    | 4 5 6 |  6.4
Fighting       | 3 4 |  4.6
Throwing       | |  2.0
Dodging        | |  3.2

Action                   |  1- 3 |  4- 6 || total
-------------------------+-------+-------++-------
Melee: Long sword        |    87 |    62 ||   149
       Headbutt          |    17 |     9 ||    26
  Use: Potion            |       |     2 ||     2
       Scroll            |       |     1 ||     1
  Eat: Chunk             |     2 |     3 ||     5
Armor: Leather armour    |    14 |    14 ||    28
Dodge: Dodged            |    58 |    44 ||   102
       Rpst.: Long sword |    17 |    16 ||    33
